 Dungeon Crawl Stone Soup version 0.17-a0-1850-g688e747 (webtiles) character file.

167825 Guts the Human Blade (level 18, -45/142 HPs)
             Began as a Human Berserker on Sept 17, 2015.
             Was a High Priest of Trog.
             Killed from afar by a deep elf annihilator (84 damage)
             ... with a crystal spear
             ... on level 3 of the Elven Halls on Sept 19, 2015.
             The game lasted 02:28:47 (33252 turns).

Guts the Human Blade (Human Berserker)             Turns: 33252, Time: 02:28:47

Health: -45/142    AC: 28    Str: 24    XL:     18   Next: 56%
Magic:  18/18      EV: 11    Int: 10    God:    Trog [*****.]
Gold:   1078       SH:  0    Dex: 21    Spells: 0 memorised, 17 levels left

rFire  + . .     SeeInvis +     m - +8 great sword "Biasayd" {freeze, rPois rF+}
rCold  + . .     Clarity  .     G - +4 plate armour {rC+}
rNeg   + . .     SustAt   .     (no shield)
rPois  +         Gourm    .     E - +2 helmet
rElec  +         Spirit   .     x - +0 cloak
rCorr  .         Warding  .     p - +2 pair of fencer's gloves {LBl+4 SBl+4 EV+3 Dex+6}
rMut   .         Stasis   .     v - +0 pair of boots of Noon {rElec rPois rN+ Dex+3}
MR     +++..                    b - amulet of regeneration
Stlth  ..........               W - ring of see invisible
                                t - +4 ring of slaying

@: about to teleport, very slightly contaminated, regenerating, hasted
(expiring), very quick, extremely resistant to hostile enchantments, extremely
unstealthy
A: poison resistance, evolution 1, MP-powered wands
a: Burn Spellbooks, Berserk, Trog's Hand, Brothers in Arms, Renounce Religion


You were on level 3 of the Elven Halls.
You worshipped Trog.
Trog was extremely pleased with you.
You were very hungry.

You visited 5 branches of the dungeon, and saw 32 of its levels.
You also visited: Sewer, Ice Cave and Volcano.

You collected 3509 gold pieces.
You spent 2431 gold pieces at shops.

Inventory:

Hand weapons
 i - a +3 scimitar of flaming
 m - the +8 great sword "Biasayd" (weapon) {freeze, rPois rF+}
   (You found it on level 8 of the Lair of Beasts)

   It has been specially enchanted to freeze those struck by it, causing extra
   injury to most foes and up to half again as much damage against particularly
   susceptible opponents.
   It can also slow down cold-blooded creatures.
   It protects you from fire.
   It protects you from poison.
 u - a +9 triple sword of holy wrath
Missiles
 O - 12 javelins
 P - 3 throwing nets
 Q - 3 steel javelins (quivered)
Armour
 p - the +2 pair of fencer's gloves (worn) {LBl+4 SBl+4 EV+3 Dex+6}
   (You found it on level 3 of the Elven Halls)

   It affects your evasion (+3).
   It affects your dexterity (+6).
 v - the +0 pair of boots of Noon (worn) {rElec rPois rN+ Dex+3}
   (You bought it in a shop on level 4 of the Orcish Mines)

   It affects your dexterity (+3).
   It insulates you from electricity.
   It protects you from poison.
   It protects you from negative energy.
 x - a +0 cloak (worn)
 E - a +2 helmet (worn)
 G - a +4 plate armour of cold resistance (worn)
Rods
 K - a -2 rod of clouds (10/10)
   (You found it on level 1 of the Lair of Beasts)
Jewellery
 b - an amulet of regeneration (around neck)
 d - an uncursed ring of protection from cold
 t - a +4 ring of slaying (left hand)
 H - an uncursed ring of protection from cold
 J - an uncursed ring of protection from fire
 T - an uncursed amulet of clarity
 W - a ring of see invisible (right hand)
Magical devices
 g - a wand of heal wounds (0)
 q - a wand of fireball (8)
 r - a wand of cold (7)
 y - a wand of teleportation (7)
 D - a wand of draining (8)
 U - a wand of cold (7)
Scrolls
 j - 5 scrolls of identify
 k - 3 scrolls of enchant armour
 z - 3 scrolls of fog
 B - 2 scrolls of recharging
 I - a scroll of blinking
 L - 4 scrolls of remove curse
Potions
 e - 10 potions of curing
 h - a potion of resistance
 l - 10 potions of might
 o - 8 potions of heal wounds
 s - 6 potions of berserk rage
 R - 4 potions of flight
 S - 2 potions of invisibility
 V - a potion of cancellation
 X - a potion of cure mutation
Books
 N - a book of the Earth

   Spells                             Type                      Level
   a - Leda's Liquefaction            Hexes/Earth                  4
   b - Bolt of Magma                  Conjuration/Fire/Earth       5
   c - Statue Form                    Transmutation/Earth          6
   d - Iron Shot                      Conjuration/Earth            6
   e - Shatter                        Earth                        9
   Trog disapproves of the use of such an item.
 Y - a book of Summonings

   Spells                             Type                      Level
   a - Recall                         Summoning/Translocation      3
   b - Aura of Abjuration             Summoning                    5
   c - Shadow Creatures               Summoning                    5
   d - Summon Demon                   Summoning                    5
   e - Summon Forest                  Summoning/Translocation      5
   f - Summon Mana Viper              Hexes/Summoning              5
   Trog disapproves of the use of such an item.
 Z - Lehudib's Catalogue of Arcane Weapons and the Arsonist
   (You found it on level 1 of the Elven Halls)

   Spells                             Type                      Level
   a - Magic Dart                     Conjuration                  1
   b - Throw Flame                    Conjuration/Fire             2
   c - Bolt of Cold                   Conjuration/Ice              6
   d - Delayed Fireball               Conjuration/Fire             7
   Trog disapproves of the use of such an item.
Miscellaneous
 A - a legendary deck of changes {the Shadow}
Comestibles
 c - 8 royal jellies
 n - 6 fruits
 w - 3 chunks of flesh
 C - 13 meat rations
 F - 9 bread rations
 M - 2 beef jerkies


   Skills:
 + Level 12.7 Fighting
 + Level 24.7(27) Long Blades
 - Level 10.0 Armour
 - Level 2.0 Dodging


You had 17 spell levels left.
You didn't know any spells.

Dungeon Overview and Level Annotations

Branches:
Dungeon (15/15)            Temple (0/1) D:5            Lair (8/8) D:9
 Shoals (0/4) Lair:3        Snake (2/4) Lair:6        Slime (0/6) Lair:7
    Orc (4/4) D:11            Elf (3/3) Orc:4        Vaults (0/5) D:14
 Depths (0/5) D:15

Altars:
Dithmenos
Kikubaaqudgha
Sif Muna
Beogh
Jiyva
Lugonu

Shops:
D:5 :   Orc:2 *   Orc:4 **[=(   Elf:1 !   Elf:3 !

Annotations:
Lair:7 1 runed door
Elf:2 5 runed doors


Innate Abilities, Weirdness & Mutations

Your system is resistant to poisons.
You evolve.
You expend magic power (3 MP) to strengthen your wands.


Message History

The deep elf master archer shoots an arrow.
The arrow hits you!
The deep elf demonologist casts a spell.
Unknown command.
The deep elf annihilator casts a spell.
The deep elf annihilator blinks!
The deep elf sorcerer mumbles some strange words.
The deep elf sorcerer seems to speed up.
Unknown command.
The tormentor calls on the powers of darkness!
The deep elf annihilator convulses!
The deep elf sorcerer convulses!
The deep elf demonologist convulses!
The deep elf master archer convulses!
The deep elf mage convulses!
The deep elf sorcerer convulses!
Your body is wracked with pain!
* * * LOW HITPOINT WARNING * * *
The deep elf sorcerer convulses!
The deep elf annihilator convulses!
The deep elf annihilator points at you and mumbles some strange words.
The crystal spear hits you!
Ouch! That really hurt!
You die...

#)# #3# #.# #
.####)# #. #
...##.##. #..#.
...()....
#....###.(..[...
#......#..3.....
#.....@#........
#.......e3.?.e./
#.....4.e....2..
#..........e.e..
##...*..........
##..e..⌠...e...
#§.1e......##.
###.4.....e...##
#.#.§..........##


You could see 2 deep elf annihilators, a deep elf death mage, an Executioner, 3
deep elf sorcerers, an ice devil, 2 deep elf demonologists, a sixfirhy, a
tormentor, a red devil and a deep elf mage.

Vanquished Creatures
  Rupert (Orc:4)
  A deep elf master archer (Elf:3)
  2 deep elf blademasters (Elf:3)
  Gastronok (D:8)
  Donald (D:15)
  2 deep elf sorcerers (Elf:3)
  Aizul (Elf:3)
  A frost giant (IceCv)
  A salamander stormcaller (D:15)
  Nessos (D:12)
  2 deep elf demonologists (Elf:3)
  3 deep elf annihilators
  5 deep elf death magi (Elf:3)
  An ogre mage (D:15)
  Josephine (Orc:3)
  4 anacondas
  Harold (D:12)
  3 naga warriors
  5 catoblepae
  3 centaur warriors
  3 dancing weapons (Elf:2)
  A queen ant (Lair:8)
  13 hydras
  17 death yaks
  3 naga sharpshooters
  A shock serpent (Snake:1)
  A shock serpent (shapeshifter) (Elf:2)
  Urug (D:12)
  A vampire mage (D:15)
  7 deep elf knights
  3 slime creatures (D:13)
  An orc high priest (Orc:4)
  A storm dragon zombie (D:15)
  Sonja (Orc:2)
  A wizard (D:14)
  2 unseen horrors
  A salamander mystic (Volcano)
  4 skeletal warriors
  3 deep elf summoners
  A naga ritualist (Snake:2)
  A golden dragon skeleton (D:15)
  10 deep elf conjurers
  A lindwurm (Lair:7)
  A sphinx zombie (D:15)
  4 mana vipers
  A necromancer (D:15)
  5 orc knights
  3 cyclopes
  4 hill giants
  A wolf spider (D:15)
  3 orc sorcerers
  4 ugly things
  6 salamanders
  3 sirens (Lair:3)
  A griffon (Lair:8)
  A centaur zombie (D:14)
  A gargoyle (D:15)
  4 naga magi
  6 elephants (Lair:8)
  A stone giant skeleton (D:15)
  A guardian serpent (Snake:2)
  14 black mambas
  2 efreet (D:13)
  4 demonic crawlers (D:13)
  A deep elf priest (Elf:1)
  2 fire drakes (Lair:3)
  6 spiny frogs
  7 komodo dragons
  A merfolk (Lair:3)
  6 trolls
  A fire drake (shapeshifter) (D:13)
  6 two-headed ogres
  A freezing wraith (D:14)
  15 polar bears
  The ghost of Liring the Shield-Bearer, an average HuFi of Zin (D:4)
  Grinder (D:4)
  Prince Ribbit (D:5)
  2 boulder beetles
  20 blink frogs
  3 wraiths (Orc:3)
  Sigmund (D:3)
  2 trapdoor spiders (D:11)
  14 deep elf magi
  A vampire (D:15)
  7 hippogriffs
  5 basilisks
  A hungry ghost (D:14)
  42 yaks
  5 wyverns
  A steam dragon (Lair:8)
  16 humans
  17 soldier ants
  5 wargs
  12 deep elf fighters
  18 wolves
  3 mottled dragons
  A vampire mosquito (D:13)
  11 nagas
  13 water moccasins
  A mottled dragon (shapeshifter) (Elf:3)
  13 ice beasts
  3 necrophages
  3 black bears
  28 orc warriors
  4 phantoms
  17 ogres
  5 centaurs
  7 porcupines
  2 wasps
  4 sky beasts
  7 crocodiles
  A big kobold (D:9)
  2 brain worms (D:8)
  16 giant frogs
  17 killer bees
  5 scorpions
  2 wyvern skeletons
  9 wights
  6 crimson imps
  A giant frog zombie (D:13)
  8 jellies
  A quasit (D:13)
  5 centaur skeletons
  7 hounds
  29 orc wizards
  6 giant frog skeletons
  35 orc priests
  A wyvern simulacrum (D:8)
  4 iguanas
  4 sheep (Lair:8)
  42 worker ants
  A centaur simulacrum (D:8)
  2 hound skeletons
  3 worker ant zombies
  3 shadow imps
  11 adders
  3 gnolls (D:9)
  32 river rats
  A white imp (D:8)
  2 ufetubi (D:8)
  3 adder skeletons (D:2)
  3 worms
  4 giant geckos
  167 orcs
  8 ball pythons
  7 bats
  A bat skeleton (D:2)
  10 giant cockroaches
  5 hobgoblins
  A quokka (D:2)
  A giant gecko skeleton (D:4)
  11 giant newts
  12 goblins
  18 jackals
  19 kobolds
  2 quokka zombies
  5 rats
  2 fungi (Lair:7)
  2 plants (Sewer)
1071 creatures vanquished.

Vanquished Creatures (collateral kills)
  Asterion (Elf:3)
  2 orc warlords
  A deep elf demonologist (Elf:3)
  A deep elf high priest (Elf:3)
  An anaconda (Snake:2)
  3 death yaks (Lair:8)
  2 naga sharpshooters (Snake:2)
  2 mana vipers (Snake:2)
  An orc sorcerer (Orc:4)
  3 black mambas (Snake:2)
  A yak (Lair:8)
  3 orc warriors
  An orc priest (Orc:4)
  3 orc wizards
25 creatures vanquished.

Vanquished Creatures (others)
  A deep elf annihilator (Elf:3)
  An orc wizard (D:4)
  6 fungi
  6 plants
14 creatures vanquished.

Grand Total: 1110 creatures vanquished

Notes
Turn   | Place    | Note
--------------------------------------------------------------
     0 | D:1      | Guts the Human Berserker began the quest for the Orb.
     0 | D:1      | Reached XP level 1. HP: 18/18 MP: 1/1
   256 | D:1      | Reached XP level 2. HP: 18/24 MP: 2/2
   499 | D:2      | Reached skill level 4 in Long Blades
   499 | D:2      | Reached XP level 3. HP: 24/29 MP: 3/3
   701 | D:1      | Acquired Trog's second power
   987 | D:2      | Reached XP level 4. HP: 24/35 MP: 4/4
  1433 | D:2      | Reached skill level 5 in Long Blades
  2007 | D:3      | Reached XP level 5. HP: 41/41 MP: 5/5
  2105 | D:3      | Noticed Sigmund
  2114 | D:3      | Killed Sigmund
  2114 | D:3      | Reached skill level 6 in Long Blades
  2114 | D:3      | Reached XP level 6. HP: 47/47 MP: 6/6
  2560 | D:4      | Reached skill level 7 in Long Blades
  2571 | D:4      | Found a glowing drain.
  2580 | Sewer    | Entered a sewer
  3213 | D:4      | Reached XP level 7. HP: 52/52 MP: 7/7
  3292 | D:4      | Noticed Liring's ghost (average HuFi)
  3318 | D:4      | Killed Liring's ghost
  3318 | D:4      | Reached skill level 8 in Long Blades
  3386 | D:4      | Noticed Grinder
  3403 | D:4      | Paralysed by Grinder for 3 turns
  3411 | D:4      | Killed Grinder
  3411 | D:4      | Reached skill level 9 in Long Blades
  3411 | D:4      | Reached XP level 8. HP: 15/58 MP: 8/8
  4030 | D:4      | Reached skill level 10 in Long Blades
  4152 | D:5      | Entered Level 5 of the Dungeon
  4287 | D:5      | Found Mecluymm's Book Emporium.
  4475 | D:5      | Reached XP level 9. HP: 57/63 MP: 9/9
  4516 | D:5      | Found a deep blue altar of Sif Muna.
  4859 | D:5      | Found a staircase to the Ecumenical Temple.
  4882 | D:5      | Noticed Prince Ribbit
  4903 | D:5      | Killed Prince Ribbit
  4903 | D:5      | Reached skill level 11 in Long Blades
  5569 | D:6      | Found a shadowy altar of Dithmenos.
  5744 | D:6      | Reached skill level 12 in Long Blades
  6478 | D:7      | Acquired Trog's third power
  6754 | D:8      | Noticed Gastronok
  6840 | D:8      | Killed Gastronok
  6840 | D:8      | Reached skill level 14 in Long Blades
  6840 | D:8      | Reached XP level 10. HP: 44/70 MP: 10/10
  7065 | D:8      | Got a steaming marble ring
  7070 | D:8      | Identified the ring of Ifikuqaja {*Drain Str+5 Dex+4} (You found it on level 8 of the Dungeon)
  7179 | D:8      | Found an ancient bone altar of Kikubaaqudgha.
  7599 | D:8      | Got an encrusted chain mail
  7621 | D:8      | Identified the +3 chain mail "Zilof" {rElec Int+3} (You found it on level 8 of the Dungeon)
  7970 | D:8      | Noticed a polar bear
  7991 | D:8      | Killed a polar bear
  8216 | D:8      | Reached XP level 11. HP: 53/75 MP: 11/11
  8383 | D:8      | Reached skill level 15 in Long Blades
  8925 | D:9      | Found a staircase to the Lair.
  9532 | D:10     | Entered Level 10 of the Dungeon
 10038 | D:10     | Reached skill level 5 in Armour
 10199 | D:10     | You fall through a shaft for 2 floors!
 10199 | D:12     | Found a frozen archway.
 10257 | D:12     | Reached skill level 5 in Fighting
 10314 | IceCv    | Entered an ice cave
 10389 | IceCv    | Received a gift from Trog
 10394 | IceCv    | Reached skill level 16 in Long Blades
 10394 | IceCv    | Reached XP level 12. HP: 86/86 MP: 12/12
 10623 | IceCv    | Noticed an ice statue
 10685 | IceCv    | Noticed dadoka's ghost (mighty FoFi)
 11533 | IceCv    | Noticed a frost giant
 11558 | IceCv    | Killed a frost giant
 12487 | D:11     | Received a gift from Trog
 12504 | D:11     | Reached skill level 17 in Long Blades
 13107 | D:11     | Reached XP level 13. HP: 74/95 MP: 4/13
 13133 | D:11     | Found a staircase to the Orcish Mines.
 13375 | Orc:1    | Entered Level 1 of the Orcish Mines
 13757 | Orc:2    | Received a gift from Trog
 13937 | Orc:2    | Received a gift from Trog
 13970 | Orc:2    | Found Leetuw's General Store.
 13983 | Orc:2    | Found a roughly hewn altar of Beogh.
 13988 | Orc:2    | Noticed Sonja
 13996 | Orc:2    | Killed Sonja
 14102 | Orc:2    | Noticed an orc warlord
 14626 | Orc:3    | Noticed Josephine
 14657 | Orc:3    | Killed Josephine
 14952 | Orc:4    | Entered Level 4 of the Orcish Mines
 14988 | Orc:4    | Received a gift from Trog
 15026 | Orc:4    | Found Kocob's General Store.
 15220 | Orc:4    | Bought a potion of curing for 45 gold pieces
 15303 | Orc:4    | Noticed Rupert
 15313 | Orc:4    | Killed Rupert
 15390 | Orc:4    | Found a staircase to the Elven Halls.
 15838 | Orc:4    | Reached skill level 18 in Long Blades
 16388 | Orc:4    | Received a gift from Trog
 16461 | Orc:4    | Noticed an orc warlord
 16547 | Orc:4    | Killed an orc warlord
 16548 | Orc:4    | Found a roughly hewn altar of Beogh.
 16556 | Orc:4    | Found Moutzeung's Antique Weapon Shoppe.
 16665 | Orc:4    | Found Zudur's Antique Armour Shoppe.
 16672 | Orc:4    | Bought a pair of transparent boots for 342 gold pieces
 16682 | Orc:4    | Identified the +0 pair of boots of Noon {rElec rPois rN+ Dex+3} (You bought it in a shop on level 4 of the Orcish Mines)
 16693 | Orc:4    | Found Hicokhlel's General Store.
 16701 | Orc:4    | Bought a scroll of remove curse for 42 gold pieces
 16709 | Orc:4    | Found Imedwis's Jewellery Shoppe.
 16718 | Orc:4    | Bought an uncursed ring of see invisible for 210 gold pieces
 16842 | Orc:2    | Killed an orc warlord
 16842 | Orc:2    | Reached XP level 14. HP: 96/108 MP: 14/14
 17395 | D:9      | Received a gift from Trog
 17472 | Lair:1   | Entered Level 1 of the Lair of Beasts
 17753 | Lair:1   | Identified a -2 rod of clouds (10/10) (You found it on level 1 of the Lair of Beasts)
 18085 | Lair:2   | Upgraded the game from 0.17-a0-1842-gacc33f2 to 0.17-a0-1850-g688e747
 18288 | Lair:2   | Got a blackened scale mail
 18299 | Lair:2   | Identified the cursed +1 scale mail of Imil {+Fly rElec MR+ Int-4} (You found it on level 2 of the Lair of Beasts)
 18821 | Lair:3   | Found a staircase to the Shoals.
 18894 | Lair:3   | Found a dark tunnel.
 18902 | Volcano  | Entered a volcano
 18924 | Volcano  | Found a bloodstained altar of Trog.
 19655 | Lair:4   | Reached skill level 19 in Long Blades
 19664 | Lair:4   | Reached skill level 10 in Armour
 19732 | Lair:4   | Reached skill level 10 in Fighting
 19994 | Lair:4   | Got an iridescent scimitar
 19995 | Lair:4   | Identified the +11 scimitar "Jeebaree" {distort, rN+ MP+9 Int+3 SInv} (You found it on level 4 of the Lair of Beasts)
 20389 | Lair:5   | Gained mutation: You expend magic power (3 MP) to strengthen your wands. [mutagenic glow]
 20739 | Lair:5   | Received a gift from Trog
 21004 | Lair:6   | Found a staircase to the Snake Pit.
 21022 | Lair:6   | Reached XP level 15. HP: 48/115 MP: 15/15
 21395 | Lair:6   | Reached skill level 20 in Long Blades
 21869 | Lair:7   | Found a runed door.
 21870 | Lair:7   | Found a viscous altar of Jiyva.
 21881 | Lair:7   | Found a staircase to the Slime Pits.
 22331 | Lair:8   | Entered Level 8 of the Lair of Beasts
 22632 | Lair:8   | Received a gift from Trog
 22745 | Lair:8   | Got a twisted great sword
 22746 | Lair:8   | Identified the +8 great sword "Biasayd" {freeze, rPois rF+} (You found it on level 8 of the Lair of Beasts)
 22767 | Lair:8   | Reached skill level 21 in Long Blades
 22824 | Lair:8   | Found an ancient bone altar of Kikubaaqudgha.
 23674 | Lair:8   | Reached XP level 16. HP: 57/122 MP: 16/16
 24216 | Snake:1  | Entered Level 1 of the Snake Pit
 24515 | Snake:1  | Reached skill level 22 in Long Blades
 24524 | Snake:1  | Received a gift from Trog
 26949 | D:12     | Noticed an eight-headed hydra
 26957 | D:12     | Killed a three-headed hydra
 27109 | D:12     | Noticed Harold
 27119 | D:12     | Killed Harold
 27208 | D:12     | Noticed Nessos
 27214 | D:12     | Killed Nessos
 27218 | D:12     | Noticed a hill giant
 27226 | D:12     | Killed a hill giant
 27282 | D:12     | Noticed Urug
 27293 | D:12     | Killed Urug
 27454 | D:12     | Reached skill level 23 in Long Blades
 27460 | D:12     | Noticed an orc knight
 27469 | D:12     | Killed an orc knight
 27548 | D:12     | Gained mutation: You evolve. [potion of beneficial mutation]
 27706 | D:12     | Noticed a hill giant
 27716 | D:12     | Killed a hill giant
 28326 | D:13     | Reached XP level 17. HP: 67/128 MP: 17/17
 28625 | D:13     | Received a gift from Trog
 28869 | D:14     | Found a gate to the Vaults.
 28869 | D:14     | Noticed Donald
 29435 | D:14     | Found a corrupted altar of Lugonu.
 29653 | D:15     | Entered Level 15 of the Dungeon
 30002 | D:15     | Found a staircase to the Depths.
 30267 | D:15     | Killed Donald
 30302 | D:15     | Received a gift from Trog
 30864 | Orc:4    | Bought a +4 plate armour of cold resistance for 700 gold pieces
 30891 | Orc:4    | Bought a +4 ring of slaying for 1092 gold pieces
 30940 | Elf:1    | Entered Level 1 of the Elven Halls
 30971 | Elf:1    | Found Xenela's Distillery.
 31124 | Elf:1    | Reached skill level 24 in Long Blades
 31210 | Elf:1    | Identified Lehudib's Catalogue of Arcane Weapons and the Arsonist
 31351 | Elf:1    | Received a gift from Trog
 31604 | Elf:1    | Gained mutation: Your system is resistant to poisons. [evolution]
 31894 | Elf:2    | Found a huge runed gate.
 31894 | Elf:2    | Found a huge runed gate.
 31896 | Elf:2    | Found a huge runed gate.
 31898 | Elf:2    | Found a huge runed gate.
 31899 | Elf:2    | Found a huge runed gate.
 31988 | Elf:2    | Reached XP level 18. HP: 86/138 MP: 18/18
 32223 | Elf:3    | Entered Level 3 of the Elven Halls
 32232 | Elf:3    | Noticed Aizul
 32239 | Elf:3    | Killed Aizul
 32258 | Elf:3    | Noticed Asterion
 32269 | Elf:3    | Killed Asterion
 32380 | Elf:3    | Found Zysuoroe's Distillery.
 32908 | Elf:3    | Received a gift from Trog
 32931 | Elf:3    | Noticed a Brimstone Fiend
 33252 | Elf:3    | Killed from afar by a deep elf annihilator

Vault maps used:
D:1:      dpeg_arrival_rooms_c, minmay_three_crescents
D:2:      serial_undead, serial_undead_a, serial_undead_a, serial_undead_e,
          serial_undead_d, serial_undead_b, serial_undead_b,
          minmay_tree_intersection
D:3:      serial_curves, eino_curves_03, eino_curves_04, dk_noncrumbling_3,
          grunt_ministairs_15, uniq_sigmund
D:4:      first_bread, portal_sewer_entry_f, uniq_grinder
D:5:      nicolae_overflow_crystal_walls, temple_doors_b, serial_shops, shop,
          uniq_prince_ribbit1
D:6:      nicolae_whirlpool, grunt_dithmenos_shadows
D:8:      serial_ice, serial_ice_i, serial_ice_o, serial_ice_e, serial_ice_n,
          minmay_crystal_room, hangedman_pestilent_swarm, lemuel_statue_altar,
          uniq_gastronok
D:9:      lair_0_dummy, hangedman_abyss_or_decor_stabs
D:10:     minivault_4
D:11:     erik_orc_3, kennysheep_generic_room_15
D:12:     portal_ice_cave_entry_ice_beasts, wad_mini_maze, uniq_nessos,
          uniq_harold, uniq_urug
D:13:     einodemon_crawler_minivault
D:14:     david_vaults_3, grunt_decor_arrowhead, tgw_lugonu_bribe
D:15:     gammafunk_depths_entry_grave, hangedman_abyss_or_decor_clamps,
          minmay_misc_feat_columns
Lair:1:   lemuel_fruit_fields
Lair:3:   elwin_shoals_entry_stream, enter_volcano_3
Lair:5:   infiniplex_staircase_pool
Lair:6:   dummy_snake_entry
Lair:7:   slime_altar_2
Lair:8:   evilmike_catoblepas_cave, basic_altar, zaba_anthell
Snake:2:  cheibrodos_snake_ritualist_ritual, hangedman_snake_corridor_cut,
          uniq_vashnia
Orc:2:    basic_altar, serial_shops, nicolae_shop_competitors_out_of_business,
          guppyfry_library_mini, uniq_sonja
Orc:3:    basic_altar, nicolae_orc_pool_cavern, uniq_josephine
Orc:4:    grunt_orc_cross, serial_shops, shop_coins, uniq_rupert
Elf:1:    eino_elf_arrival_the_gate, serial_shops, shop,
          minmay_elf_annihilation, minmay_misc_feat_pillars, minivault_11,
          nicolae_elf_v_pinch, st_stairs_1, abandoned_shop
Elf:3:    elf_hall, serial_shops, shop, uniq_aizul, uniq_asterion
Sewer:    sewer_co_scattered_pipes
IceCv:    ice_cave_small_giant
Volcano:  kennysheep_volcano_temple

Action                   |  1- 3 |  4- 6 |  7- 9 | 10-12 | 13-15 | 16-18 || total
-------------------------+-------+-------+-------+-------+-------+-------++-------
Melee: Falchion          |   116 |   347 |       |       |       |       ||   463
       Long sword        |       |       |   336 |  1008 |       |       ||  1344
       Great sword       |       |       |       |    67 |  1124 |   846 ||  2037
       Triple sword      |       |       |       |       |   128 |    39 ||   167
       Scimitar          |       |       |       |       |    59 |     9 ||    68
Throw: Tomahawk          |       |       |     4 |       |       |       ||     4
       Javelin           |       |       |       |    15 |       |       ||    15
Invok: Berserk           |     1 |     2 |     4 |    15 |    10 |       ||    32
       Trog's Hand       |       |       |     2 |     9 |     9 |    11 ||    31
       Brothers in Arms  |       |       |       |       |     2 |     5 ||     7
Evoke: Wand              |       |       |    10 |     1 |       |     7 ||    18
       Rod               |       |       |       |       |     1 |       ||     1
  Use: Scroll            |       |       |    11 |     8 |    12 |    21 ||    52
       Potion            |       |       |       |     7 |     2 |     9 ||    18
 Stab: Confused          |       |       |       |       |     1 |       ||     1
  Eat: Chunk             |     1 |     6 |    10 |    34 |    38 |    13 ||   102
       Bread ration      |       |     1 |       |       |       |       ||     1
       Beef jerky        |       |       |     2 |     2 |     3 |     1 ||     8
       Pizza             |       |       |     1 |     2 |       |     3 ||     6
       Fruit             |       |       |       |       |    10 |     4 ||    14
       Royal jelly       |       |       |       |       |     1 |     1 ||     2
       Meat ration       |       |       |       |       |       |     1 ||     1
